 Dungeon Crawl Stone Soup version 0.25.1-2-g60ff931df9 (webtiles) character file.

Game seed: 2391928662505946496

255 DogServant the Ruffian (level 6, -16/34 HPs)
             Began as a Gargoyle Transmuter on Nov 10, 2020.
             Was an Initiate of Makhleb.
             Demolished by an ogre
             ... wielding a +0 giant club
              (24 damage)
             ... on level 5 of the Dungeon.
             The game lasted 00:04:39 (5164 turns).

DogServant the Ruffian (Gargoyle Transmuter)        Turns: 5164, Time: 00:04:39

Health: -16/34     AC:  7    Str: 15    XL:     6   Next: 15%
Magic:  9/9        EV: 11    Int: 14    God:    Makhleb [......]
Gold:   198        SH:  0    Dex: 10    Spells: 3/9 levels left

rFire    . . .     SeeInvis .     - Unarmed
rCold    . . .     Gourm    .   (no shield)
rNeg     + . .     Faith    .   f - +0 leather armour
rPois    ∞         Spirit   .   (no helmet)
rElec    +         Reflect  .   (no cloak)
rCorr    .         Harm     .   (no gloves)
MR       .....                  (boots currently unavailable)
Stlth    +.........             (no amulet)
HPRegen  0.11/turn              (no ring)
MPRegen  0.11/turn              (no ring)

@: appendage
A: talons 3, negative energy resistance 1, electricity resistance, unbreathing,
petrification resistance, rot immunity, AC +4
a: End Transformation, Renounce Religion


You were on level 5 of the Dungeon.
You worshipped Makhleb.
Makhleb was noncommittal.
You were very hungry.
You had grown temporary talons.
You visited 2 branches of the dungeon, and saw 6 of its levels.

You collected 198 gold pieces.

Inventory:

Missiles
 a - 35 arrows
 p - 13 poisoned darts (quivered)
Armour
 b - a +0 robe
 f - a +0 leather armour (worn)
Jewellery
 i - an uncursed ring of flight {unknown}
 s - an uncursed amulet of reflection {unknown}
Scrolls
 e - 2 scrolls of magic mapping
 h - a scroll of remove curse
 j - a scroll of immolation {unknown}
 k - 2 scrolls of enchant weapon {unknown}
 l - a scroll of fear {unknown}
 m - a scroll of fog {unknown}
 n - a scroll of teleportation {unknown}
 o - 2 scrolls of identify {unknown}
 t - a scroll of random uselessness {unknown}
Potions
 c - 3 potions of degeneration {unknown}
 g - 2 potions of curing
 q - a potion of flight {unknown}
 r - a potion of heal wounds {unknown}
 u - 2 potions of lignification {unknown}
Comestibles
 d - 5 rations


   Skills:
 - Level 1.1 Fighting
 - Level 1.1 Armour
 - Level 1.5 Dodging
 + Level 5.0 Unarmed Combat
 - Level 2.0 Spellcasting
 + Level 3.7 Transmutations


You had 3 spell levels left.
You knew the following spells:

 Your Spells              Type           Power        Failure   Level  Hunger
a - Beastly Appendage     Tmut           ##....       6%          1    ##.....
b - Sticks to Snakes      Tmut           ##......     10%         2    ###....
c - Spider Form           Tmut/Pois      #.........   38%         3    ####...

Your spell library contained the following spells:

 Spells                   Type           Power        Failure   Level  Hunger
 Ice Form                 Ice/Tmut       #.......     80%         4    #####..
 Blade Hands              Tmut           ##........   87%         5    ######.


Dungeon Overview and Level Annotations

Branches:
Dungeon (5/15)             Temple (1/1) D:4

Altars:
Ashenzari
Cheibriados
Dithmenos
Elyvilon
Fedhas
Gozag
Hepliaklqana
Makhleb
Nemelex Xobeh
Okawaru
Qazlal
Ru
Sif Muna
Trog
Uskayaw
Vehumet
Wu Jian
Xom
Yredelemnul
Zin
The Shining One


Innate Abilities, Weirdness & Mutations

You are resistant to torment.
Your stone body is resilient. (AC +4)
You are immune to poison.
You resist negative energy. (rN+)
You are resistant to electric shocks. (rElec)
You can survive without breathing.
You are immune to petrification.
You are immune to rotting.
You have claws for feet.


Message History

You claw the orc wizard, but do no damage.
The orc wizard is moderately wounded.
The ogre closely misses you.
An orc comes into view. It is wielding a +0 mace.
The quokka closely misses you.
The orc wizard hits you but does no damage.
You feel better. The orc completely misses you. The quokka barely misses you.
The ogre hits you but does no damage.
The orc wizard mumbles some strange words.
The orc wizard seems to speed up.
As you read the scroll labeled JINKOAL NAUNK, it crumbles to dust.
You feel blessed for a moment.
It was a scroll of remove curse.
The quokka barely misses you.
The orc wizard gestures at you while chanting.
The puff of flame hits you.
* * * LOW HITPOINT WARNING * * *
The orc closely misses you.
The ogre hits you with a +0 giant club!!
Ouch! That really hurt!
You die...

,,,***,,,,,.....* *..(,,,* *,
,,,,**,,,,,,o...######...,,,****,
,,,,,,,,,,,,,o...........,,,,,,,,
,,,,,,,,,,,,,,..........,,,,,****
,,,,**,*****,,,.o.....#,..,*,**
,,,,**,********#......#...,*,,*
,,,,,,,,,,* #..........,**,***
,,,,,,,...######ro.†......,**,,,,
***,,,,........O@o.###...,,*,,,*,
*,,,,...########.# *,,,,,*,,,<,
******,**,*,,,#.<#.# *,,,,,*,,,,,
,,,,,,,,,,*...#....###,,,,,*,,,,,
****,,,,,**#.......)<#,,,,,,,,,,*
** *,,,*,* #.#########,,,,,,,,,,,
,****,**,* #,,,,,*,,,,,,,,,,,**,*
,+,,,,**,* *,,,,,*,,,,,,,,,,,**,*
,****,,,,* *,,,,,*,,,,,,,,,,,**,*


You could see an ogre, an orc wizard (fast), 2 orcs and a quokka.

Vanquished Creatures
  A howler monkey (D:4)
  2 hounds
  4 gnolls (D:4)
  2 adders
  An adder skeleton (D:4)
  A worm (D:3)
  3 dart slugs (D:1)
  3 leopard geckos
  An orc (D:3)
  3 giant cockroaches
  12 goblins
  8 hobgoblins
  8 jackals
  3 quokkas
  A ball python (D:1)
  10 bats
  A frilled lizard (D:1)
  11 kobolds
  15 rats
  A fungus (D:1)
91 creatures vanquished.

Notes
Turn   | Place    | Note
-------+----------+-------------------------------------------
     0 | D:1      | DogServant the Gargoyle Transmuter began the quest for the
                  | Orb.
     0 | D:1      | Reached XP level 1. HP: 12/12 MP: 3/3
   295 | D:1      | Reached XP level 2. HP: 15/16 MP: 3/5
   691 | D:1      | Reached XP level 3. HP: 19/20 MP: 4/6
  1134 | D:2      | Found a hazy altar of Hepliaklqana.
  1467 | D:2      | Reached XP level 4. HP: 25/25 MP: 7/7
  1731 | D:2      | Learned a level 2 spell: Sticks to Snakes
  1735 | D:2      | Learned a level 3 spell: Spider Form
  1852 | D:2      | Reached skill level 1 in Armour
  1852 | D:2      | Reached skill level 4 in Unarmed Combat
  2235 | D:3      | Found a glowing golden altar of the Shining One.
  2717 | D:3      | Found an ornate altar of the Wu Jian Council.
  3320 | D:4      | Found a staircase to the Ecumenical Temple.
  3326 | Temple   | Entered the Ecumenical Temple
  3524 | Temple   | Became a worshipper of Makhleb the Destroyer
  3742 | D:4      | Reached XP level 5. HP: 17/29 MP: 8/8
  4338 | D:4      | Found a shattered altar of Ashenzari.
  4342 | D:4      | Found a blossoming altar of Fedhas.
  4347 | D:4      | Found a hide-covered altar of Uskayaw.
  4790 | D:4      | Reached XP level 6. HP: 22/34 MP: 7/9
  5120 | D:5      | Entered Level 5 of the Dungeon
  5140 | D:5      | Reached skill level 5 in Unarmed Combat
  5164 | D:5      | Demolished by an ogre

Illustrated notes

Levels and vault maps discovered:
D:1:      dpeg_cavernosity, layout_rooms, minmay_misc_feat_pillars,
          minmay_misc_feat_rugged
D:2:      layout_loops_ring, old_standard_altar, kennysheep_cross_room,
          corner_web_ring
D:3:      layout_basic, lemuel_crystal_altar, nicolae_overflow_crystal_walls
D:4:      layout_layer_cave, minmay_overflow_temple_star_quad,
          minmay_temple_entry_hall, first_ration
D:5:      layout_basic, serial_shops, shop, chequers_ossuary_entry_cave,
          nemelex_xobeh_ov_fountains_minmay, uniq_prince_ribbit1
Temple:   regret_index_temple_generic_petals

Skill      XL: |  1  2  3  4  5  6 |
---------------+-------------------+-----
Transmutations | 2 3 |  3.7
Armour         | 1 |  1.1
Unarmed Combat | 4 5 |  5.0
Fighting       | |  1.1
Dodging        | |  1.5
Spellcasting   | |  2.0

Action                   |  1- 3 |  4- 6 || total
-------------------------+-------+-------++-------
Melee: Unarmed           |   148 |   180 ||   328
       Kick              |    20 |    16 ||    36
       Headbutt          |     2 |     9 ||    11
       Punch             |     1 |     2 ||     3
 Cast: Beastly Appendage |    25 |    21 ||    46
  Use: Scroll            |       |     2 ||     2
       Potion            |       |     1 ||     1
  Eat: Chunk             |     2 |     8 ||    10
       Ration            |       |     1 ||     1
Armor: Robe              |    20 |       ||    20
       Leather armour    |    46 |    62 ||   108
Dodge: Dodged            |    96 |    82 ||   178
